Map: Solaris LE

Players

pab - Winner!

  • Race: Zerg Zerg
  • League: Platinum
  • Spawn Location: 7:00

VOD

Have the link to the VOD?

Description

Time

  • Played on: March 19, 2024, 12:11 p.m.
  • Length: 8:54
Show
View Real Time Build Order
Export as new Build Order

pab Zerg - Winner!

Build Orders:  

Get SALT Encoding   

  12  0:01  Drone  
  13  0:11  Drone  
  13  0:18  Extractor  
  13  0:21  Drone  
  14  1:04  Hatchery  
  13  1:20  Spawning Pool  
  13  1:25  Drone  
  13  1:30  Drone  
  14  1:42  Overlord  
  14  2:28  Zergling x6  
  17  3:01  Hatchery  
  17  3:09  Drone x2  
  18  3:13  Drone  
  18  3:18  Drone  
  20  3:25  Drone  
  21  3:30  Drone  
  21  3:38  Drone  
  23  3:40  Drone  
  23  3:45  Metabolic Boost  
  23  3:51  Drone  
  23  3:52  Drone  
  25  4:05  Zergling x4  
  25  4:20  Zergling x2  
  25  4:21  Zergling x2  
  27  4:33  Zergling x2  
  27  4:35  Zergling x2, Hatchery  
  28  4:46  Zergling x6  
  31  5:04  Overlord  
  31  5:10  Zergling x2  
  31  5:11  Zergling x2  
  31  5:16  Lair  
  31  5:19  Zergling x2  
  34  5:28  Overlord  
  34  5:31  Zergling x2  
  34  5:32  Zergling x2  
  34  5:33  Zergling x2  
  34  5:37  Zergling x2  
  37  5:48  Zergling x4  
  37  5:49  Zergling x2  
  38  5:59  Zergling x2  
  36  6:09  Zergling x4  
  34  6:14  Zergling x2  
  34  6:15  Zergling x2  
  35  6:21  Zergling x2  
  35  6:22  Zergling x2  
  35  6:27  Zergling x2  
  38  6:36  Drone x3  
  41  6:47  Drone, Roach Warren  
  41  6:55  Overlord  
  40  7:14  Overlord x2  
  40  7:32  Overlord  
  40  7:34  Zergling x2  
  40  7:35  Zergling x10  
  43  7:52  Roach x3  
  43  7:54  Roach  
  51  8:00  Roach  
  51  8:04  Roach  
  55  8:10  Roach  
  55  8:14  Roach  
Tags
 
League
Platinum
Matchup
Co-op
Add a new tag
Caveats
  • Supply blocks, unpowered buildings, or Contaminate may cause inaccurate times.
  • Supply counts are checked every 10 seconds.